 Dungeon Sprint DCSS version 0.29.1-2-gbd0b4ee654 (webtiles) character file.

Game seed: 14363241191993217024

1400000 raph the Grand Master (level 16, -2/112 HPs)
             Began as a Djinni Warper on Nov 30, 2022.
             Was an Elder of Makhleb.
             Slain by a bag of meat
             ... wielding a +9 war axe
              (26 damage)
             ... in the Dungeon (Sprint VIII: "Arena of Blood").
             The game lasted 00:00:44 (14 turns).

raph the Grand Master (Djinni Warper)                 Turns: 14, Time: 00:00:44

Health: -2/112     AC:  3    Str: 10    XL:     16   Next: 63%
Gold:   0          EV: 19    Int: 14    God:    Makhleb [****..] SH:  0 Dex: 22

rFire   + + .      SeeInvis .   h - +∞ Axe of Woe
rCold   x . .      Faith    .   (shield currently unavailable)
rNeg    . . .      Spirit   .   a - +0 leather armour
rPois   ∞          Reflect  .   (no helmet)
rElec   .          Harm     .   (no cloak)
rCorr   .          Rampage  .   (no gloves)
Will    +....      NoTele   +   (boots unavailable)
Stlth   ++........              (no amulet)
HPRegen 0.28/turn               (no ring)
MPRegen 0.00/turn               (no ring)

@: flying
A: sickness immunity, fire resistance 2, cold vulnerability 1, float, innate
caster, HP casting, extra vitality 1
a: Renounce Religion, Minor Destruction, Lesser Servant of Makhleb, Major
Destruction


You were in the Dungeon.
You worshipped Makhleb.
Makhleb was greatly pleased with you.
You visited 1 branch

Inventory:

Hand Weapons
 h - the +∞ Axe of Woe (weapon)
   (You found it in the Dungeon)
Missiles
 c - 7 boomerangs of dispersal (quivered)
Armour
 a - a +0 leather armour (worn)
Scrolls
 b - 2 scrolls of blinking
Potions
 d - a potion of curing
 e - a potion of heal wounds
 f - a potion of haste
 g - a potion of berserk rage


   Skills:
 + Level 9.6 Fighting
 - Level 0.7 Throwing
 - Level 1.0 Armour
 + Level 10.4 Dodging
 O Level 27 Unarmed Combat
 O Level 27 Spellcasting
 + Level 9.3 Invocations


You had 27 spell levels left.
You knew the following spells:

 Your Spells              Type           Power      Damage    Failure   Level
a - Blink                 Tloc           100%       N/A       0%          2
b - Lesser Beckoning      Tloc           76%        N/A       0%          3
c - Gell's Gravitas       Tloc           76%        N/A       0%          3
d - Teleport Other        Tloc           76%        N/A       0%          3
e - Manifold Assault      Tloc           76%        N/A       0%          5
f - Sting                 Tmut/Pois      100%       1d8       0%          1
g - Scorch                Fire           100%       2d10      0%          2
h - Frozen Ramparts       Ice            100%       1d16      0%          3
i - Dispel Undead         Necr           76%        3d25      0%          4
j - Freezing Cloud        Conj/Ice/Air   38%        6-21      0%          5
k - Metabolic Englaciati  Hex/Ice        38%        N/A       0%          5
l - Statue Form           Tmut/Erth      50%        N/A       0%          6
Your spell library was empty.

Dungeon Overview and Level Annotations

Branches:
Dungeon (1/1)

Altars:
Makhleb


Innate Abilities, Weirdness & Mutations

You are immune to sickness and miasma.
You are immune to poison.
Your flesh is very heat resistant. (rF++)
You are vulnerable to cold. (rC-)
You float through the air rather than walking.
You learn spells naturally, not from books.
Your magical power is your life essence.
You have superior vitality. (+4 MHP)


Message History

A bag of meat comes into view. It is wielding a +9 war axe. x2
You hear a shout! x2
A meat berserker comes into view. It is wielding a +9 battleaxe.
You hear a shout!
A bag of meat comes into view. It is wielding a +9 war axe.
You hear a shout!
The meat berserker rages.
You hear a shout! x3
The meat berserker moves out of view.
You have mastered Spellcasting!
You need to enable at least one skill for training.
Your Fighting skill gained 7 levels and is now at level 9!
Your Dodging skill gained 8 levels and is now at level 10!
Your Invocations skill gained 9 levels and is now at level 9!
You have reached level 16!
You feel agile.
Okay, then.
The bag of meat shouts!
You hit the meat berserker.
You hew the meat berserker savagely.
You kill the meat berserker!
Makhleb accepts your kill.
The destroyer appears out of thin air!
A destroyer comes into view. It is wielding a +9 vorpal great sword.
The large bag of meat appears out of thin air!
A large bag of meat comes into view. It is wielding a +9 giant spiked club.
The destroyer shouts!
The large bag of meat shouts in stereo!
You hear a shout! x2
A meat berserker comes into view. It is wielding a +9 battleaxe.
You hear a shout! x9
A bag of meat comes into view. It is wielding a +9 war axe.
You hear a shout! x4
The meat berserker hits you with a +9 battleaxe!!!
Ouch! That really hurt!
A bag of meat comes into view. It is wielding a +9 war axe. x2
You hear a shout!
The meat berserker rages.
The bag of meat hits you with a +9 war axe!!
* * * LOW HITPOINT WARNING * * *
You hear a shout!
The bag of meat hits you with a +9 war axe!!
You die...

#.. .)# ...###...
..###.
.......O###...)..
#........_...o.
..... #....o#
......#_.<._# .
......#.....#....
#.....o)oV.......
......)@###......
...###oOo....###.
#oo.....#
#......o#
O.........
.)O....oO..
.o.........
.oo........#


You could see a destroyer, 2 large bags of meat, 3 meat berserkers and 13 bags
of meat.

Vanquished Creatures
  4 ogres (D)
  8 orcs (D)
12 creatures vanquished.

Notes
Turn   | Place    | Note
-------+----------+-------------------------------------------
     0 | D        | Found the +∞ Axe of Woe
     0 | D        | raph the Djinni Warper began the quest for the Orb.
     0 | D        | raph set off with the following spells memorised: Blink,
                  | Lesser Beckoning, Gell's Gravitas, Teleport Other, Manifold
                  | Assault.
     0 | D        | Reached XP level 1. HP: 18/18 MP: 0/0
     2 | D        | Noticed a meat berserker
     2 | D        | Noticed a bag of meat
     4 | D        | Became a worshipper of Makhleb the Destroyer
     6 | D        | Noticed a bag of meat
     7 | D        | Killed a meat berserker
     7 | D        | Noticed a bag of meat
     8 | D        | Reached XP level 2. HP: 8/23 MP: 0/0
     8 | D        | Reached XP level 3. HP: 10/28 MP: 0/0
     8 | D        | Learned a level 1 spell: Sting
     8 | D        | Reached XP level 4. HP: 11/33 MP: 0/0
     8 | D        | Reached XP level 5. HP: 13/38 MP: 0/0
     8 | D        | Learned a level 2 spell: Scorch
     8 | D        | Reached XP level 6. HP: 15/43 MP: 0/0
     8 | D        | Reached XP level 7. HP: 17/49 MP: 0/0
     8 | D        | Learned a level 3 spell: Frozen Ramparts
     8 | D        | Reached XP level 8. HP: 19/54 MP: 0/0
     8 | D        | Reached XP level 9. HP: 20/58 MP: 0/0
     8 | D        | Learned a level 4 spell: Dispel Undead
     8 | D        | Reached XP level 10. HP: 23/64 MP: 0/0
     8 | D        | Reached XP level 11. HP: 24/68 MP: 0/0
     8 | D        | Learned a level 5 spell: Freezing Cloud
     8 | D        | Reached XP level 12. HP: 26/74 MP: 0/0
     8 | D        | Killed a bag of meat
     8 | D        | Reached * piety under Makhleb
     8 | D        | Noticed a bag of meat
     8 | D        | Noticed a bag of meat
     9 | D        | Reached XP level 13. HP: 28/78 MP: 0/0
     9 | D        | Learned a level 5 spell: Metabolic Englaciation
     9 | D        | Killed a bag of meat
     9 | D        | Killed a bag of meat
     9 | D        | Killed a bag of meat
     9 | D        | Reached ** piety under Makhleb
     9 | D        | Noticed a bag of meat
     9 | D        | Noticed a bag of meat
    10 | D        | Reached XP level 14. HP: 53/85 MP: 0/0
    10 | D        | Killed a bag of meat
    10 | D        | Killed a bag of meat
    10 | D        | Killed a bag of meat
    10 | D        | Reached *** piety under Makhleb
    10 | D        | Noticed a meat berserker
    10 | D        | Noticed a bag of meat
    10 | D        | Noticed a bag of meat
    10 | D        | Noticed a bag of meat
    11 | D        | Reached skill level 27 in Unarmed Combat
    11 | D        | Reached XP level 15. HP: 89/89 MP: 0/0
    11 | D        | Learned a level 6 spell: Statue Form
    11 | D        | Noticed a meat berserker
    11 | D        | Noticed a meat berserker
    12 | D        | Noticed a meat berserker
    13 | D        | Killed a meat berserker
    13 | D        | Killed a meat berserker
    13 | D        | Reached **** piety under Makhleb
    13 | D        | Noticed a meat berserker
    13 | D        | Noticed a large bag of meat
    13 | D        | Noticed a meat berserker
    14 | D        | Reached skill level 27 in Spellcasting
    14 | D        | Reached skill level 10 in Dodging
    14 | D        | Reached XP level 16. HP: 112/112 MP: 0/0
    14 | D        | Killed a meat berserker
    14 | D        | Noticed a destroyer
    14 | D        | Noticed a large bag of meat
    14 | D        | Noticed a meat berserker
    14 | D        | Slain by a bag of meat

Illustrated notes

Levels and vault maps discovered:
D:        meatsprint

Skill      XL: |  1  2  3  4  5  6  7  8  9 10 11 12 13 14 15 |
---------------+----------------------------------------------+-----
Unarmed Combat | 20 22 26 27 | 27.0
Spellcasting   | 16 18 20 24 27 | 27.0
Fighting       | 9 |  9.6
Dodging        | 10 | 10.4
Invocations    | 9 |  9.3
Throwing       | |  0.7
Armour         | |  1.0

Action                   |  1- 3 |  4- 6 |  7- 9 | 10-12 | 13-15 | 16-18 || total
-------------------------+-------+-------+-------+-------+-------+-------++-------
Melee: Executioner's axe |     1 |       |       |     1 |     8 |     1 ||    11
 Cast: Manifold Assault  |       |       |       |       |     2 |       ||     2
